 Dungeon Crawl Stone Soup version 0.27-a0-1331-g60ef6b6952 (webtiles) character file.

Game seed: 15776958330348032068

23 Delamore the Sneak (level 2, -4/20 HPs)
             Began as an Octopode Brigand on June 25, 2021.
             Slain by a goblin (5 damage)
             ... on level 1 of the Dungeon.
             The game lasted 00:00:46 (587 turns).

Delamore the Sneak (Octopode Brigand)                Turns: 587, Time: 00:00:46

Health: -4/20      AC:  1    Str: 10    XL:     2   Next: 95%
Magic:  2/2        EV: 13    Int: 13    God:
Gold:   49         SH:  0    Dex: 13    Spells: 1/1 levels left

rFire    . . .     SeeInvis .   a - +2 dagger
rCold    . . .     Faith    .   (no shield)
rNeg     . . .     Spirit   .   (helmet restricted)
rPois    +         Reflect  .   (no amulet)
rElec    .         Harm     .   e - ring of poison resistance
rCorr    .         Rampage  .   (no ring)
Will     .....                  (no ring)
Stlth    ++++......             (no ring)
HPRegen  0.06/turn              (no ring)
MPRegen  0.08/turn              (no ring)
                                (no ring)
                                (no ring)

@: no status effects
A: almost no armour, amphibious, 8 rings, camouflage 1, gelatinous body 1,
(nimble swimmer 1), tentacles
a: no special abilities


You were on level 1 of the Dungeon.
You visited 1 branch of the dungeon, and saw 1 of its levels.

You collected 49 gold pieces.

Inventory:

Hand Weapons
 a - a +2 dagger (weapon)
Missiles
 b - 8 poisoned darts (quivered)
 c - 2 curare-tipped darts
 d - 5 boomerangs
Jewellery
 e - a ring of poison resistance (left tentacle)


   Skills:
 + Level 2.3 Fighting
 * Level 2.7 Short Blades
 - Level 2.0 Throwing
 + Level 1.5 Dodging
 - Level 5.3 Stealth


You had one spell level left.
You didn't know any spells.
Your spell library contained the following spells:

 Spells                   Type           Power      Damage    Failure   Level
 Summon Small Mammal      Summ           0%         N/A       30%         1
 Call Imp                 Summ           0%         N/A       43%         2
 Call Canine Familiar     Summ           0%         N/A       67%         3
 Summon Guardian Golem    Hex/Summ       0%         N/A       67%         3
 Summon Ice Beast         Ice/Summ       0%         N/A       97%         4
 Summon Lightning Spire   Summ/Air       0%         N/A       97%         4


Dungeon Overview and Level Annotations

Branches:
Dungeon (1/15)

Altars:


Innate Abilities, Weirdness & Mutations

You cannot wear most types of armour.
You are amphibious.
You can wear up to eight rings at the same time.
Your skin changes colour to match your surroundings (Stealth+).
Your rubbery body absorbs attacks. (AC +1, EV +1)
((You are camouflaged near water. (Stealth+)))
You have tentacles for arms and can constrict up to eight enemies at once.


Message History

e - a ring of poison resistance (left tentacle)
The bat hits you.
* * * LOW HITPOINT WARNING * * *
The bat barely misses you. The bat hits you but does no damage.
The bat closely misses you. The bat barely misses you.
You hit the bat.
You kill the bat!
You hit the quokka. Your grab misses the quokka.
The quokka is almost dead.
The quokka misses you.
You closely miss the quokka. You grab the quokka.
The quokka is almost dead.
You constrict the quokka.
You kill the quokka!
You hit the endoplasm but do no damage. You squeeze the endoplasm.
You kill the endoplasm!
The goblin misses you.
Things that are here:
a quokka corpse; a bat corpse You hit the goblin.
Your grab misses the goblin.
The goblin is moderately wounded.
You closely miss the hobgoblin. Your grab misses the hobgoblin.
The goblin barely misses you. The frilled lizard misses you.
The hobgoblin closely misses you.
You closely miss the hobgoblin. Your grab misses the hobgoblin.
Your squeeze misses the hobgoblin. The goblin hits you with a +0 club.
* * * LOW HITPOINT WARNING * * *
The frilled lizard bites you.
* * * LOW HITPOINT WARNING * * *
You hit the hobgoblin. Your grab misses the hobgoblin.
The hobgoblin is almost dead.
The hobgoblin closely misses you. The goblin barely misses you.
The frilled lizard unfolds its giant frill.
The frilled lizard misses you.
You barely miss the hobgoblin. You grab the hobgoblin.
The hobgoblin is almost dead.
You constrict the hobgoblin, but do no damage.
The hobgoblin barely misses you. The goblin hits you with a +0 club.
You die...

#.# #.# ## #.# #.# ##.
###.# ### #.# #.. .##.#
#.. .)###..##.... .##.###
#.# #.##..#....... ......#
#.# #.##.#.#...... .##.#.#
#.# #.#..#..#....#
.##.#.###.####.#g#....#..#
.##..#.........#@#....[#
.##.###.#.####.lg#Jl).$#
...## ##..# ###.#.gg.#
....###.### #..#..#....#
###(.#.## ##.#.#......
#...#.## #..#.......
#.#.#.# ##..##..$.#
......# #....####. ).#..##
#.....


You could see a hobgoblin, a goblin and a frilled lizard.

Vanquished Creatures
  A dart slug (D:1)
  3 ball pythons (D:1)
  2 bats (D:1)
  An endoplasm (D:1)
  2 goblins (D:1)
  2 hobgoblins (D:1)
  2 kobolds (D:1)
  3 quokkas (D:1)
  A rat (D:1)
17 creatures vanquished.

Notes
Turn   | Place    | Note
-------+----------+-------------------------------------------
     0 | D:1      | Delamore the Octopode Brigand began the quest for the Orb.
     0 | D:1      | Reached XP level 1. HP: 14/14 MP: 1/1
    46 | D:1      | Reached XP level 2. HP: 19/19 MP: 2/2
   585 | D:1      | HP: 1/20 [frilled lizard (2)]
   587 | D:1      | Slain by a goblin

Illustrated notes

Levels and vault maps discovered:
D:1:      dpeg_arrival_rooms_b, layout_loops_ring, kennysheep_doodads,
          minmay_circled_x

Action                   || total
-------------------------++-------
Melee: Dagger            ||    34
       Constrict         ||     7
       Tentacles         ||     5
 Stab: Sleeping          ||     6
Armor: Skin              ||     4
Dodge: Dodged            ||    27

Table legend: (Time is in decaauts)
 A = Elapsed time spent in this place.
 B = Non-inter-level travel time spent in this place.
 C = Inter-level travel time spent in this place.
 D = Time resting spent in this place.
 E = Time spent auto-exploring this place.
 F = Levels seen in this place.
 G = Mean time per level.
                   A        B        C        D        E       F      G
               +--------+--------+--------+--------+--------+-----+--------+
         Total |    582 |    577 |      5 |      0 |    477 |   1 |  582.0 |
       Dungeon |    582 |    577 |      5 |      0 |    477 |   1 |  582.0 |
               +--------+--------+--------+--------+--------+-----+--------+

Top non-repeatable levels by time:
     D:1: 582 daAuts
